 Dungeon Crawl Stone Soup version 0.30.1-11-g7821555f0a (webtiles) character file.

Game seed: 14041445770678173924

28702 anacleto the Grappler (level 13, -5/131 HPs)
             Began as a Troll Gladiator on Dec 17, 2023.
             Was a High Priest of Qazlal.
             Slain by a +5 long sword (9 damage)
             ... on level 12 of the Dungeon.
             The game lasted 00:52:10 (15446 turns).

anacleto the Grappler (Troll Gladiator)            Turns: 15446, Time: 00:52:10

Health: -5/131     AC: 11    Str: 29    XL:     13   Next: 11%
Magic:  17/17      EV: 27    Int:  4    God:    Qazlal [*****.]
Gold:   1069       SH:  7    Dex: 11    Spells: 12/12 levels left

rFire   . .          .
                       - Unarmed
rCold   . . .        (no shield)
rNeg    . . .        s - +1 robe of Vines {NoPotionHeal Regen++++}
rPois   +            b - +0 hat
rElec   .            T - +2 cloak {rPois}
rCorr   .            (gloves unavailable)
SInv    .            (boots unavailable)
Will    .....        k - amulet of the acrobat
Stlth   +            X - +4 ring of slaying
HPRegen 4.41/turn    (no ring)
MPRegen 0.15/turn

%: repel missiles, acrobat
@: protected from physical damage, acrobatic
A: large, unfitting armour, claws 3, regeneration 1, shaggy fur 1, tough skin 1
a: Renounce Religion, Upheaval, Elemental Force, Disaster Area


You were on level 12 of the Dungeon.
You worshipped Qazlal.
Qazlal was extremely pleased with you.
You visited 3 branches of the dungeon, and saw 16 of its levels.
You also visited: Ossuary.

You collected 1465 gold pieces.
You spent 396 gold pieces at shops.

Inventory:

Hand Weapons
 V - the +16 obsidian axe {drain, demonic, Mesm Drain Fly SInv}
   (You found it on level 2 of the Orcish Mines)

   Mesm:      Its wielder is mesmerised by any visible foes, and it cannot be
   unequipped while any foes are visible.
   SInv:      It lets you see invisible.
   Fly:       It grants you flight.
   Drain:     It drains your maximum health when unequipped.
Missiles
 d - 8 large rocks (quivered)
 l - a curare-tipped dart
 t - 24 poisoned darts
 D - 4 javelins
 Q - 22 boomerangs
Armour
 b - a +0 hat (worn)
 s - the +1 robe of Vines (worn) {NoPotionHeal Regen++++}
   (You found it on level 3 of the Dungeon)

   NoPotionHeal: Its wearer cannot be healed by potions.
   Regen:     It increases your rate of health regeneration.
 S - a scarf of repulsion
 T - a +2 cloak of poison resistance (worn)
Jewellery
 k - an amulet of the acrobat (around neck)
 M - a ring of wizardry
 W - a ring of positive energy
 X - a +4 ring of slaying (left claw)
 Y - a ring of ice
 Z - an amulet of magic regeneration
Wands
 c - a wand of polymorph (10)
 y - a wand of charming (13)
 C - a wand of digging (9)
 I - a wand of flame (42)
 L - a wand of light (4)
Scrolls
 f - 5 scrolls of magic mapping
 g - 2 scrolls of fog
 h - 3 scrolls of amnesia
 j - a scroll of vulnerability {unknown}
 o - a scroll of enchant armour {unknown}
 r - 2 scrolls of teleportation
 v - a scroll of poison {unknown}
 z - a scroll of fear
 B - a scroll of brand weapon {unknown}
 G - 3 scrolls of immolation {unknown}
 J - 2 scrolls of blinking {unknown}
 K - a scroll of silence {unknown}
 O - 3 scrolls of noise {unknown}
 R - a scroll of torment {unknown}
 U - 2 scrolls of enchant weapon {unknown}
Potions
 a - a potion of experience {unknown}
 e - a potion of might
 i - 3 potions of attraction
 m - a potion of resistance {unknown}
 n - 2 potions of haste
 p - 3 potions of flight {unknown}
 q - 2 potions of cancellation
 u - 3 potions of heal wounds
 w - a potion of berserk rage {unknown}
 x - 2 potions of invisibility {unknown}
 A - 3 potions of lignification
 E - 3 potions of degeneration {unknown}
 F - 2 potions of mutation
 H - 4 potions of brilliance
 N - a potion of ambrosia {unknown}
 P - 3 potions of curing {unknown}


   Skills:
 + Level 9.4 Fighting
 * Level 4.4 Axes
 - Level 7.4 Throwing
 + Level 6.4 Armour
 + Level 6.9 Dodging
 * Level 11.5 Unarmed Combat
 + Level 7.1 Invocations


You had 12 spell levels left.
You didn't know any spells.
Your spell library contained the following spells:

 Spells                   Type           Power      Damage    Failure   Level
 Beastly Appendage        Tmut           0%         N/A       50%         1
 Freeze                   Ice            0%         1d3       50%         1
 Magic Dart               Conj           0%         1d3       50%         1
 Shock                    Conj/Air       0%         1d3       50%         1
 Call Imp                 Summ           0%         N/A       65%         2
 Lesser Beckoning         Tloc           0%         N/A       65%         2
 Static Discharge         Conj/Air       0%         2-2/arc   65%         2
 Wereblood                Tmut           0%         N/A       65%         2
 Frozen Ramparts          Ice            0%         1d1       86%         3
 Gell's Gravitas          Tloc           0%         N/A       86%         3
 Hailstorm                Conj/Ice       0%         3d3       86%         3
 Mephitic Cloud           Conj/Pois/Air  0%         N/A       86%         3
 Portal Projectile        Hex/Tloc       0%         N/A       86%         3
 Spider Form              Tmut/Pois      0%         N/A       86%         3
 Swiftness                Air            0%         N/A       86%         3
 Teleport Other           Tloc           0%         N/A       86%         3
 Tukima's Dance           Hex            0%         N/A       86%         3
 Airstrike                Air            0%         2d(0-16)  99%         4
 Ice Form                 Ice/Tmut       0%         N/A       99%         4
 Passage of Golubria      Tloc           0%         N/A       99%         4
 Summon Ice Beast         Ice/Summ       0%         N/A       99%         4
 Summon Lightning Spire   Summ/Air       0%         N/A       99%         4
 Blade Hands              Tmut           0%         N/A       100%        5
 Silence                  Hex/Air        0%         N/A       100%        5
 Lehudib's Crystal Spear  Conj/Erth      0%         10d2      100%        8


Dungeon Overview and Level Annotations

Branches:
Dungeon (13/15)            Temple (1/1) D:5            Lair (0/5) D:11
    Orc (2/2) D:11            Elf (0/3) Orc:2       Ossuary (visited)
 Vaults: D:13-14

Altars:
Ashenzari
Cheibriados
Dithmenos
Elyvilon
Fedhas
Gozag
Hepliaklqana
Kikubaaqudgha
Makhleb
Nemelex Xobeh
Okawaru
Qazlal
Ru
Sif Muna
Trog
Uskayaw
Vehumet
Wu Jian
Xom
Yredelemnul
Zin
The Shining One

Shops:
D:4 (   D:9 *   Orc:2 (([*

Annotations:
D:6 2 transporters
D:8 2 runed translucent doors, lonewolfV2's ghost, novice FoFi


Innate Abilities, Weirdness & Mutations

You are too large for most types of armour.
You have claws for hands.
Your natural rate of healing is unusually fast.
You are covered in fur. (AC +1)
You have tough skin. (AC +1)


Message History

You hear a horrible gurgling sound!
You hear a shout!
There is a stone staircase leading up here.
Found a ring mail.
You hear a shout! x3
A white ugly thing comes into view.
The white ugly thing gurgles horribly!
The white ugly thing moves out of view.
You hear a shout!
A +7 long sword comes into view.
A +5 long sword comes into view.
The +7 long sword hits you.
You feel protected from physical attacks.
The +7 long sword barely misses you.
There is a stone staircase leading up here.
The +7 long sword hits you.
The white ugly thing completely misses you.
The +7 long sword hits you!
You feel more protected from physical attacks.
You block the +5 long sword's attack. The +7 long sword hits you!!
The +5 long sword hits you!
You feel more protected from physical attacks.
The white ugly thing pecks you! The white ugly thing freezes you!
You climb upwards.
There is a stone staircase leading down here.
The +5 long sword attacks as you move away!
The +5 long sword hits you!
You feel more protected from physical attacks.
The +7 long sword hits you but does no damage.
The +7 long sword closely misses you. The +5 long sword hits you!
You feel more protected from physical attacks.
The white ugly thing is engulfed in a thunderstorm.
The white ugly thing pecks you.
* * * LOW HITPOINT WARNING * * *
The white ugly thing freezes you!!
* * * LOW HITPOINT WARNING * * *
The +7 long sword attacks as you move away!
The +7 long sword misses you.
The +5 long sword attacks as you move away!
The +5 long sword hits you!
You die...

#..# ##.# ##.## #.. #### #..#
########## ...####### ##.#
#......... ##.'.....######.####
#.........
.#.#####.#.........#####.......).
.### #...........#...'.........
...# ###...........###.)...)...
##.# #....§.@u.### #........(
.#.# #.....○((.# #......... .#.#
##.######## ######'### ...# #.#
###.# ##### #.# #...# ....##
##.###### ###'##### .....###
#.......# #........ .....'.#
#.......# #.#.#####
....[#.###.......# #.#.....#


You could see a white ugly thing and 2 dancing weapons.

Vanquished Creatures
  2 orc warlords
  Snorg (D:10)
  Fannar (D:11)
  2 boulder beetles
  2 two-headed ogres
  Nergalle (D:12)
  An orc high priest (Orc:2)
  Pikel (D:5)
  3 orc knights
  2 orc sorcerers
  4 manticores
  3 cyclopes (D:12)
  Maurice (D:10)
  Joseph (D:9)
  An unseen horror (D:12)
  3 kobold demonologists (D:10)
  4 trolls
  A hornet (D:8)
  Sigmund (D:3)
  8 slime creatures
  6 wraiths
  11 yaks
  Eustachio (D:6)
  A steam dragon (D:9)
  4 wargs
  6 vampire mosquitoes
  5 water moccasins
  An acid dragon (D:12)
  A floating eye (shapeshifter) (D:12)
  2 sky beasts
  6 black bears
  27 orc warriors
  2 ice beasts
  3 centaurs
  5 ogres
  3 lemures (D:5)
  A phantom (D:4)
  7 kobold brigands
  4 bullfrogs
  5 scorpions
  5 wights (D:10)
  15 killer bees
  5 howler monkeys
  3 hounds
  21 orc priests
  A jelly (D:5)
  2 gnoll boudas (D:6)
  Natasha (thrice) (D:3)
  Terence (D:3)
  23 orc wizards
  8 iguanas
  A mummy (Ossuary)
  16 gnolls
  6 adders
  A shadow imp (D:6)
  2 worms
  78 orcs
  10 endoplasms
  2 giant cockroaches (D:2)
  4 goblins
  11 hobgoblins
  A jackal (D:2)
  5 quokkas
  8 ball pythons
  7 bats
  3 frilled lizards
  8 gnoll skeletons (Ossuary)
  15 kobolds
  6 kobold skeletons (Ossuary)
  11 orc skeletons (Ossuary)
  5 rats
  2 rat zombies (D:8)
433 creatures vanquished.

Vanquished Creatures (collateral kills)
  2 orcs (D:6)
2 creatures vanquished.

Vanquished Creatures (others)
  An orc (Orc:2)
1 creature vanquished.

Grand Total: 436 creatures vanquished

Notes
Turn   | Place    | Note
-------+----------+-------------------------------------------
     0 | D:1      | anacleto the Troll Gladiator began the quest for the Orb.
     0 | D:1      | Reached XP level 1. HP: 19/19 MP: 0/0
   154 | D:1      | Reached XP level 2. HP: 28/28 MP: 1/1
   610 | D:2      | Reached XP level 3. HP: 35/35 MP: 2/2
   753 | D:2      | Reached XP level 4. HP: 44/44 MP: 3/3
  1054 | D:2      | Reached skill level 1 in Armour
  1285 | D:3      | Noticed Natasha
  1286 | D:3      | Noticed Terence
  1296 | D:3      | Killed Natasha
  1301 | D:3      | Killed Terence
  1302 | D:3      | Reached XP level 5. HP: 36/50 MP: 4/4
  1477 | D:3      | Found a faded altar of an unknown god.
  1491 | D:3      | Noticed Sigmund
  1493 | D:3      | Found the +1 robe of Vines {NoPotionHeal Regen++++}
  1509 | D:3      | Reached skill level 4 in Unarmed Combat
  1647 | D:3      | Killed Sigmund
  1648 | D:3      | Reached XP level 6. HP: 61/61 MP: 5/5
  1850 | D:3      | Noticed Natasha
  1864 | D:3      | Killed Natasha
  2015 | D:3      | Noticed Natasha
  2022 | D:3      | Killed Natasha
  2226 | D:4      | Found a sparkling altar of Nemelex Xobeh.
  2489 | D:4      | Reached XP level 7. HP: 62/67 MP: 6/6
  2538 | D:4      | Reached skill level 5 in Unarmed Combat
  2849 | D:4      | Found Syngig's Weapon Shop.
  3428 | D:5      | Entered Level 5 of the Dungeon
  3716 | D:5      | Reached XP level 8. HP: 60/79 MP: 7/7
  3828 | D:5      | Found a staircase to the Ecumenical Temple.
  3840 | D:5      | Reached skill level 6 in Unarmed Combat
  3847 | Temple   | Entered the Ecumenical Temple
  4156 | Temple   | Became a worshipper of Qazlal Stormbringer
  4336 | D:5      | Noticed Pikel
  4418 | D:6      | Noticed Eustachio
  4428 | D:6      | Killed Eustachio
  4838 | D:6      | Reached skill level 5 in Fighting
  4914 | D:6      | Reached * piety under Qazlal
  4977 | D:6      | Noticed a kobold demonologist
  4980 | D:6      | Found a transporter.
  5122 | D:6      | Noticed a kobold demonologist
  5124 | D:6      | Found a transporter.
  5202 | D:6      | Reached skill level 7 in Unarmed Combat
  5202 | D:6      | Reached XP level 9. HP: 77/88 MP: 8/8
  5871 | D:5      | Killed Pikel
  6406 | D:7      | Reached skill level 5 in Throwing
  6498 | D:7      | Reached skill level 8 in Unarmed Combat
  6745 | D:8      | Found a runed translucent door.
  6745 | D:8      | Noticed lonewolfV2's ghost (novice FoFi)
  6765 | D:8      | Reached skill level 5 in Dodging
  6806 | D:8      | Found a sand-covered staircase.
  6818 | Ossuary  | Entered an ossuary
  6836 | Ossuary  | Reached ** piety under Qazlal
  7105 | D:8      | Reached XP level 10. HP: 100/100 MP: 9/9
  7468 | D:8      | Noticed a centaur warrior
  7468 | D:8      | Noticed an orc knight
  7468 | D:8      | Noticed a centaur warrior
  7469 | D:8      | Found a runed translucent door.
  7471 | D:8      | Noticed a centaur warrior
  7471 | D:8      | Noticed a cyclops
  7909 | D:8      | Paralysed by a hornet for 3 turns
  8111 | D:9      | Reached skill level 9 in Unarmed Combat
  8112 | D:9      | Reached *** piety under Qazlal
  8653 | D:9      | Found Xoipusup's Neck Hole.
  8663 | D:9      | Bought a scarf of repulsion for 156 gold pieces
  8663 | D:9      | Bought a +2 cloak of poison resistance for 240 gold pieces
  8775 | D:9      | Noticed Joseph
  8784 | D:9      | Killed Joseph
  9006 | D:9      | Reached skill level 5 in Armour
  9298 | D:10     | Entered Level 10 of the Dungeon
  9473 | D:10     | Noticed Snorg
  9487 | D:10     | Killed Snorg
  9488 | D:10     | Reached XP level 11. HP: 111/111 MP: 10/10
  9644 | D:10     | Noticed Maurice
  9658 | D:10     | Killed Maurice
  9735 | D:10     | Reached skill level 10 in Unarmed Combat
 10019 | D:11     | Noticed a two-headed ogre
 10019 | D:11     | Noticed a boulder beetle
 10068 | D:11     | Reached **** piety under Qazlal
 10130 | D:11     | Noticed Fannar
 10180 | D:10     | Noticed a sun demon
 10288 | D:10     | Killed a boulder beetle
 10469 | D:11     | Killed Fannar
 10956 | D:11     | Killed a two-headed ogre
 10957 | D:11     | Reached skill level 11 in Unarmed Combat
 11139 | D:11     | Found a staircase to the Lair.
 11186 | D:11     | Found a staircase to the Orcish Mines.
 11260 | D:12     | Reached XP level 12. HP: 83/123 MP: 11/11
 11316 | D:12     | Noticed Nergalle
 11360 | Orc:1    | Entered Level 1 of the Orcish Mines
 11381 | Orc:1    | Reached skill level 1 in Invocations
 11641 | Orc:2    | Entered Level 2 of the Orcish Mines
 11647 | Orc:2    | Noticed an orc warlord
 11769 | D:11     | Killed an orc warlord
 11769 | D:11     | Reached ***** piety under Qazlal
 12437 | Orc:2    | Noticed an orc warlord
 12466 | Orc:1    | Killed an orc warlord
 12944 | Orc:2    | Reached skill level 5 in Invocations
 12951 | Orc:2    | Found Vigrext's Weapon Emporium.
 13090 | Orc:2    | Found the +16 obsidian axe {drain, demonic, Mesm Drain Fly
                  | SInv}
 13147 | Orc:2    | Noticed an orc high priest
 13151 | Orc:2    | Killed an orc high priest
 13152 | Orc:2    | Reached skill level 1 in Axes
 13314 | Orc:2    | Found Gimeorgh's Assorted Antiques.
 13356 | Orc:2    | Found a staircase to the Elven Halls.
 13937 | Orc:2    | Reached ****** piety under Qazlal
 14016 | Orc:2    | Found Sishrifau's Antique Armour Boutique.
 14021 | Orc:2    | Found Retaf's Antique Weapon Shop.
 14322 | D:12     | Noticed a two-headed ogre
 14516 | D:12     | Paralysed by a floating eye for 2 turns
 14545 | D:12     | Noticed a boulder beetle
 14563 | D:12     | Killed a boulder beetle
 14574 | D:12     | Reached XP level 13. HP: 131/131 MP: 17/17
 15380 | D:12     | Killed Nergalle
 15445 | D:12     | HP: 4/131 [white ugly thing (32)]
 15446 | D:12     | Slain by a +5 long sword

Illustrated notes

Levels and vault maps discovered:
D:1:      lemuel_arrival_rhombus, layout_rooms
D:2:      minmay_razor_zed, layout_basic, serial_park_tiny_pond
D:3:      layout_loops_ring, ebering_ecumenical_altar_hall, dk_vineyard_2,
          uniq_natasha, uniq_terence, uniq_sigmund
D:4:      layout_layer_cave, nemelex_xobeh_ov_fountains_minmay, serial_shops,
          kennysheep_little_box
D:5:      layout_basic, minmay_temple_entry_butterflies, serial_glass,
          glass_columns_a, glass_columns_a, skrybe_limestone_x, sigmund_army,
          uniq_pikel
D:6:      gammafunk_wand_slinger, layout_loops_corners, uniq_eustachio
D:7:      layout_rooms, grunt_ogre_cave
D:8:      minmay_gate_of_8, layout_loops_cross, enter_ossuary_4,
          gammafunk_ghost_grave
D:9:      layout_grid_maze, serial_rivers, chequers_serial_rivers_micro_d,
          chequers_serial_rivers_room_b, chequers_serial_rivers_micro_a,
          chequers_serial_rivers_room_b, chequers_serial_rivers_small_3,
          chequers_serial_rivers_small_3, nicolae_shop_sticking_my_neck_out,
          uniq_joseph
D:10:     layout_loops_cross, uniq_snorg, uniq_maurice
D:11:     layout_cave_pools, due_lair_maze_entry_diamond, uniq_fannar
D:12:     layout_roguey, minmay_bent, uniq_nergalle
D:13:     kennysheep_windowed_halls, layout_basic, erik_vaults_1
Temple:   regret_index_temple_sigil_plot
Orc:1:    layout_caves
Orc:2:    grunt_orc_community_town_hall, layout_caves,
          grunt_orc_community_big_house_2, grunt_orc_community_big_house_1,
          grunt_orc_community_house_1, grunt_orc_community_house_2,
          grunt_orc_community_house_3, grunt_orc_community_house_3,
          grunt_orc_community_house_1, dreamdust_deal_with_the_devil

Skill      XL: |  1  2  3  4  5  6  7  8  9 10 11 12 |
---------------+-------------------------------------+-----
Throwing       | 2 3 4 5 6 7 |  7.4
Fighting       | 2 3 4 5 6 7 9 |  9.4
Armour         | 1 2 3 4 5 6 |  6.4
Unarmed Combat | 4 5 7 8 9 11 | 11.5
Dodging        | 3 4 5 6 |  6.9
Invocations    | 7 |  7.1
Axes           | 4 |  4.4

Action                     |  1- 3 |  4- 6 |  7- 9 | 10-12 | 13-15 || total
---------------------------+-------+-------+-------+-------+-------++-------
  Melee: Unarmed           |    75 |   125 |   393 |   631 |    18 ||  1242
         Punch             |     2 |     3 |    16 |    37 |     2 ||    60
         Broad axe         |       |       |       |     1 |       ||     1
  Throw: Dart              |       |     1 |       |    11 |       ||    12
         Throwing net      |       |       |     1 |    11 |       ||    12
         Boomerang         |       |       |       |    53 |     5 ||    58
         Large rock        |       |       |       |     3 |     5 ||     8
 Invoke: Elemental Force   |       |       |       |       |     1 ||     1
  Evoke: Wand              |       |       |     1 |     2 |       ||     3
    Use: Potion            |       |       |     1 |     2 |       ||     3
         Scroll            |       |       |     9 |     8 |     1 ||    18
   Stab: Distracted        |       |     1 |       |       |       ||     1
         Sleeping          |       |     1 |       |       |       ||     1
         Held in net/web   |       |       |     2 |     5 |       ||     7
 Armour: Robe              |    23 |    48 |    87 |   145 |     1 ||   304
  Dodge: Dodged            |    34 |    67 |   208 |   400 |    38 ||   747
         Repelled          |       |       |       |    10 |     1 ||    11
  Block: Other             |       |       |     9 |   157 |     9 ||   175
